 Dungeon Crawl Stone Soup version 0.29.1-1-gd02db6906a (webtiles) character file.

Game seed: 9038908519460263109

170 plokij the Chopper (level 5, -2/47 HPs)
             Began as a Minotaur Fighter on Oct 22, 2022.
             Succumbed to an orc's poison
             ... on level 3 of the Dungeon.
             The game lasted 00:04:37 (1694 turns).

plokij the Chopper (Minotaur Fighter)               Turns: 1694, Time: 00:04:37

Health: -2/47      AC: 10    Str: 22    XL:     5   Next: 25%
Magic:  4/4        EV:  7    Int:  5    God:
Gold:   148        SH:  4    Dex: 10    Spells: 4/4 levels left

rFire   . . .      SeeInvis .   a - +0 war axe
rCold   . . .      Faith    .   c - +0 buckler
rNeg    . . .      Spirit   .   o - +0 chain mail
rPois   .          Reflect  .   (helmet restricted)
rElec   .          Harm     .   (no cloak)
rCorr   .          Rampage  .   m - +0 pair of gloves
Will    .....                   (no boots)
Stlth   ..........              (no amulet)
HPRegen 0.15/turn               (no ring)
MPRegen 0.09/turn               (no ring)

@: lethally poisoned (-2 -> -11)
A: horns 2, retaliatory headbutt
a: no special abilities


You were on level 3 of the Dungeon.
You visited 1 branch of the dungeon, and saw 3 of its levels.

You collected 148 gold pieces.

Inventory:

Hand Weapons
 a - a +0 war axe (weapon)
Armour
 c - a +0 buckler (worn)
 m - a +0 pair of gloves (worn)
 o - a +0 chain mail (worn)
Jewellery
 b - a ring of protection from fire
Scrolls
 f - a scroll of immolation {unknown}
 g - a scroll of magic mapping {unknown}
 h - a scroll of teleportation {unknown}
 k - 2 scrolls of fear {unknown}
 l - a scroll of blinking {unknown}
Potions
 d - 2 potions of might
 e - 3 potions of mutation {unknown}
 i - 2 potions of curing {unknown}
 j - a potion of magic {unknown}
 n - a potion of cancellation {unknown}
 p - a potion of lignification {unknown}


   Skills:
 + Level 4.5 Fighting
 * Level 4.6 Axes
 + Level 4.5 Armour
 + Level 4.5 Shields


You had 4 spell levels left.
You didn't know any spells.
Your spell library contained the following spells:

 Spells                   Type           Power      Damage    Failure   Level
 Animate Dead             Necr           0%         N/A       100%        4
 Borgnjor's Vile Clutch   Necr/Erth      0%         N/A       100%        5
 Death Channel            Necr           0%         N/A       100%        6


Dungeon Overview and Level Annotations

Branches:
Dungeon (3/15)

Altars:


Innate Abilities, Weirdness & Mutations

You have a pair of horns on your head.
You reflexively headbutt those who attack you in melee.


Message History

You are too injured to fight recklessly!
You are too injured to fight recklessly!
You barely miss the orc priest. Your headbutt misses the orc priest.
You barely miss the orc.
The orc priest hits you but does no damage.
The orc hits you but does no damage.
You barely miss the orc priest. You hit the orc. The orc priest misses you.
You block the orc's attack.
You hit the orc priest. You headbutt the orc priest!
You kill the orc priest!
You barely miss the orc. The orc hits you but does no damage.
An orc comes into view. It is wielding a +0 hand axe.
The orc throws a poisoned dart.
The poisoned dart hits you!
You are poisoned.
The orc hits you with a +0 club.
* * * LOW HITPOINT WARNING * * *
You barely miss the orc. You headbutt the orc.
The orc is almost dead.
You feel very sick.
The orc throws a poisoned dart.
The poisoned dart hits you!
You are lethally poisoned!
You block the orc's attack.
An orc comes into view. It is wielding a +0 short sword.
You closely miss the orc.
The orc is almost dead.
You hit the orc but do no damage.
* * * LOW HITPOINT WARNING * * *
You feel very sick. The orc barely misses you.
The orc throws a poisoned dart.
The poisoned dart closely misses you. The orc hits you but does no damage.
You barely miss the orc. You closely miss the orc.
* * * LOW HITPOINT WARNING * * *
You feel very sick. The orc barely misses you.
The orc throws a poisoned dart.
The poisoned dart barely misses you. The orc hits you with a +0 club.
* * * LOW HITPOINT WARNING * * *
You slash the orc!
You kill the orc!
You hit the orc but do no damage.
You die...

..########...
##.......##...
#........+...
#.......##..
###.......##J#
#.........##.# #
#......oo##.#.#####
#........@)o.......
#..#.##.###.#.#####
#.....#.# #.# #
##....#.###[.
##...........#.
#.#.#..#.#####.#
##........# #
#####..#.#..###
##....###.#..#


You could see 3 orcs.

Vanquished Creatures
  An orc priest (D:3)
  An orc wizard (D:3)
  Robin (D:2)
  3 adders (D:2)
  A worm (D:2)
  2 dart slugs
  3 orcs (D:3)
  4 bats (D:1)
  4 endoplasms
  3 giant cockroaches
  12 goblins
  12 hobgoblins
  4 quokkas
  4 ball pythons
  A frilled lizard (D:2)
  5 kobolds
  6 rats
67 creatures vanquished.

Notes
Turn   | Place    | Note
-------+----------+-------------------------------------------
     0 | D:1      | plokij the Minotaur Fighter began the quest for the Orb.
     0 | D:1      | Reached XP level 1. HP: 19/19 MP: 0/0
   175 | D:1      | Reached XP level 2. HP: 27/27 MP: 1/1
   813 | D:2      | Reached XP level 3. HP: 33/33 MP: 2/2
  1023 | D:2      | Reached XP level 4. HP: 38/40 MP: 3/3
  1384 | D:2      | Noticed Robin
  1490 | D:2      | Killed Robin
  1683 | D:3      | Reached XP level 5. HP: 25/47 MP: 4/4
  1693 | D:3      | HP: 1/47 [orc/+0 club (2)]
  1694 | D:3      | Succumbed to an orc's poison

Illustrated notes

Levels and vault maps discovered:
D:1:      wander_arrival_abandoned_jail, layout_loops_cross, minmay_heptomino_o4
D:2:      layout_basic, nrook_uturn, uniq_robin
D:3:      layout_basic, nicolae_tso_besieged_by_evil,
          chequers_ecumenical_altar_lobes

Skill      XL: |  1  2  3  4 |
---------------+-------------+-----
Axes           | 3 4 |  4.6
Armour         | 4 |  4.5
Fighting       | 4 |  4.5
Shields        | 4 |  4.5

Action                   |  1- 3 |  4- 6 || total
-------------------------+-------+-------++-------
Melee: War axe           |    74 |    54 ||   128
       Headbutt          |    11 |    10 ||    21
Armor: Scale mail        |    26 |     4 ||    30
       Chain mail        |       |    44 ||    44
Dodge: Dodged            |    43 |    28 ||    71
Block: Buckler           |    13 |    22 ||    35
